 Dungeon Crawl Stone Soup version 0.25-a0-251-g572059c536 (webtiles) character file.

Game seed: 12661559199399593138, levelgen mode: deterministic

177 MisterFreud the Skirmisher (level 5, -11/43 HPs)
             Began as a Human Wanderer on Dec 4, 2019.
             Blown up by Ijyb (33 damage)
             ... with a disintegration bolt
             ... on level 3 of the Dungeon.
             The game lasted 00:14:07 (2531 turns).

MisterFreud the Skirmisher (Human Wanderer)         Turns: 2531, Time: 00:14:07

Health: -11/43     AC: 11    Str: 11    XL:     5   Next: 88%
Magic:  6/6        EV:  9    Int: 16    God:
Gold:   75         SH:  0    Dex: 11    Spells: 4/4 levels left

rFire    . . .     SeeInvis .   i - +4 dagger (venom)
rCold    . . .     Gourm    .   (no shield)
rNeg     . . .     Faith    .   d - +3 scale mail
rPois    .         Spirit   .   (no helmet)
rElec    .         Reflect  .   e - +0 cloak (curse)
rCorr    .         Harm     .   (no gloves)
MR       .....                  (no boots)
Stlth    ..........             j - amulet of regeneration
HPRegen  0.54/turn              (no ring)
MPRegen  0.10/turn              (no ring)

@: no status effects
A: no striking features
a: no special abilities


You were on level 3 of the Dungeon.
You were not hungry.

You visited 1 branch of the dungeon, and saw 3 of its levels.

You collected 75 gold pieces.

Inventory:

Hand Weapons
 a - a +0 hand crossbow
 b - a +0 mace
 i - a +4 dagger of venom (weapon)
 q - a +1 hunting sling of velocity
Missiles
 c - 70 bolts
 k - 6 poisoned darts (quivered)
 l - 56 stones
 n - 57 sling bullets
Armour
 d - a +3 scale mail (worn)
 e - a cursed +0 cloak (worn)
 r - a +0 chain mail
 u - a +0 buckler
Jewellery
 j - an amulet of regeneration (around neck)
Scrolls
 h - 2 scrolls of amnesia
Potions
 m - a potion of curing
 o - a potion of agility
 p - a potion of mutation {unknown}
 s - a potion of berserk rage
 t - a potion of brilliance {unknown}
Comestibles
 f - 4 rations


   Skills:
 + Level 4.7 Fighting
 - Level 2.0 Maces & Flails
   Level 1.0 Bows
 - Level 4.0 Armour
 + Level 2.0 Dodging
   Level 2.0 Evocations


You had 4 spell levels left.
You didn't know any spells.
Your spell library was empty.

Dungeon Overview and Level Annotations

Branches:
Dungeon (3/15)

Altars:

Annotations:
D:3 Ijyb


Message History

You hit the rat.
You kill the rat!
No target in view!
Ijyb the Twisted Goblin comes into view.
She is wielding a +0 club and carrying a wand of disintegration (5).
Ijyb shouts!
Ijyb zaps a wand.
You barely resist.
Found a scroll labeled RUIMEI QAZOEM.
Ijyb zaps a wand.
You barely resist.
Ijyb zaps a wand.
You are blasted!
You see here a scroll labeled RUIMEI QAZOEM.
Ijyb hits you but does no damage.
You closely miss Ijyb. Ijyb hits you but does no damage.
You hit Ijyb.
Ijyb is lightly wounded.
Ijyb zaps a wand.
You are blasted!
You hit Ijyb but do no damage.
Ijyb is poisoned.
Ijyb is lightly wounded.
Ijyb zaps a wand.
You are blasted!
Ouch! That really hurt!
You die...

#############
......g@?...#
###########.##
######...### #
...........# .
#.####...#.# #
##.##.# .
####.##.# .
.>......# #
####.##.#


You could see Ijyb.

Vanquished Creatures
  2 orc wizards (D:3)
  Terence (D:3)
  3 adders (D:2)
  A dart slug (D:1)
  2 leopard geckos
  2 orcs (D:3)
  3 ball pythons
  7 bats
  6 giant cockroaches
  5 goblins
  10 hobgoblins
  A jackal (D:1)
  9 kobolds
  2 quokkas
  6 frilled lizards
  6 rats
66 creatures vanquished.

Notes
Turn   | Place    | Note
-------+----------+-------------------------------------------
     0 | D:1      | MisterFreud the Human Wanderer began the quest for the Orb.
     0 | D:1      | MisterFreud set off with the following items: a +0 hand
                  | crossbow, a +2 scale mail, 27 bolts, a +0 mace, a ration
     0 | D:1      | Reached XP level 1. HP: 15/15 MP: 2/2
   280 | D:1      | Reached XP level 2. HP: 22/22 MP: 3/3
   808 | D:1      | Reached XP level 3. HP: 28/28 MP: 4/4
  1506 | D:2      | Reached XP level 4. HP: 33/35 MP: 5/5
  2143 | D:3      | Reached skill level 1 in Dodging
  2143 | D:3      | Reached XP level 5. HP: 43/43 MP: 6/6
  2379 | D:3      | Noticed Terence
  2395 | D:3      | Killed Terence
  2523 | D:3      | Noticed Ijyb
  2531 | D:3      | Blown up by Ijyb

Levels and vault maps discovered:
D:1:      sevenhm_arrival_forest_fort_large_4, layout_rooms, minmay_vboxes
D:2:      layout_rooms, kennysheep_path_1, hangedman_decor_clover_reticule
D:3:      layout_loops_ring, first_ration, portal_sewer_entry_a,
          chequers_big_river, uniq_terence, uniq_ijyb

Skill      XL: |  1  2  3  4  5 |
---------------+----------------+-----
Fighting       | 2 3 4 |  4.7
Dodging        | 1 2 |  2.0
Maces & Flails | |  2.0
Bows           | |  1.0
Armour         | |  4.0
Evocations     | |  2.0

Action                   |  1- 3 |  4- 6 || total
-------------------------+-------+-------++-------
Melee: Mace              |    40 |       ||    40
       Dagger            |    48 |    94 ||   142
 Fire: Hand crossbow     |     2 |       ||     2
  Use: Scroll            |     5 |     2 ||     7
       Potion            |       |     1 ||     1
  Eat: Chunk             |     2 |     3 ||     5
Armor: Scale mail        |    52 |    65 ||   117
Dodge: Dodged            |    36 |    38 ||    74

Table legend:
 A = Non-vault XP
 B = Vault XP
 C = Vault XP percentage of total XP
 D = Non-vault monster count
 E = Vault monster count
 F = Vault count percentage of total count
                 A         B        C        D         E       F
            +---------+---------+-------+---------+---------+-------
      Total |     193 |      61 |  24.0 |      52 |      14 |  21.2
            +---------+---------+-------+---------+---------+-------
        D:1 |      24 |      18 |  42.9 |      14 |       9 |  39.1
        D:2 |      66 |       0 |   0.0 |      22 |       0 |   0.0
        D:3 |     103 |      43 |  29.5 |      16 |       5 |  23.8
            +---------+---------+-------+---------+---------+-------
